 Dungeon Crawl Stone Soup version 0.19-a0-1254-gb9c29c0 (webtiles) character file.

1891 epen the Spear-Bearer (level 9, -1/69 HPs)
             Began as a Merfolk Monk on Aug 27, 2016.
             Slain by an orc warrior
             ... wielding a +2 flail of crushing
              (17 damage)
             ... on level 5 of the Dungeon.
             The game lasted 00:05:11 (5087 turns).

epen the Spear-Bearer (Merfolk Monk)                Turns: 5087, Time: 00:05:12

Health: -1/69      AC: 11    Str: 15    XL:     9   Next: 15%
Magic:  9/9        EV: 13    Int:  9    God:
Gold:   259        SH:  2    Dex: 16    Spells: 0 memorised, 8 levels left

rFire  . . .     SeeInvis .     v - +4 quarterstaff (chaos)
rCold  . . .     Gourm    .     w - +0 scale mail
rNeg   . . .     Faith    .     (shield currently unavailable)
rPois  .         Spirit   .     (no helmet)
rElec  .         Dismiss  .     u - +0 cloak
rCorr  .         Reflect  .     j - +0 pair of gloves
MR     .....     Harm     .     (no boots)
Stlth  +.........               (no amulet)
                                (no ring)
                                (no ring)

@: no status effects
A: change form in water, swift swim, stealthy swim, large bone plates 1
a: no special abilities


You were on level 5 of the Dungeon.
You were not hungry.

You visited 1 branch of the dungeon, and saw 6 of its levels.

You collected 259 gold pieces.

Inventory:

Hand Weapons
 a - a +0 spear
 v - a +4 quarterstaff of chaos (weapon)
Armour
 b - a +0 robe
 j - a +0 pair of gloves (worn)
 u - a +0 cloak (worn)
 w - a +0 scale mail (worn)
Jewellery
 k - an uncursed amulet of faith {unknown}
 s - an uncursed ring of fire {unknown}
 G - a cursed ring of loudness {unknown}
Wands
 y - a wand of iceblast (7/15)
Scrolls
 d - 10 scrolls of identify {unknown}
 e - 2 scrolls of magic mapping
 h - a scroll of fog
 i - 3 scrolls of remove curse {unknown}
 m - 3 scrolls of enchant armour {unknown}
 n - 2 scrolls of teleportation {unknown}
 q - a scroll of random uselessness
 C - a scroll of noise {unknown}
 E - a scroll of enchant weapon {unknown}
Potions
 g - a potion of ambrosia {unknown}
 l - a potion of brilliance {unknown}
 p - a potion of invisibility {unknown}
 t - 4 potions of curing {unknown}
 x - a potion of magic {unknown}
 z - a potion of lignification {unknown}
 A - a potion of agility {unknown}
 B - a potion of might {unknown}
 F - a potion of haste {unknown}
 H - a potion of berserk rage {unknown}
Comestibles
 c - 5 bread rations
 f - 3 meat rations
 o - 2 beef jerkies
 r - a slice of pizza
 D - 3 fruits


   Skills:
 + Level 6.2 Fighting
 * Level 10.3 Polearms
 * Level 5.0 Armour
 + Level 7.2 Dodging
 - Level 2.1 Stealth


You had 8 spell levels left.
You didn't know any spells.

Dungeon Overview and Level Annotations

Branches:
Dungeon (6/15)
 Temple: D:4-7

Altars:
Dithmenos
Fedhas
Gozag
Nemelex Xobeh


Innate Abilities, Weirdness & Mutations

You revert to your normal form in water.
You are very nimble and swift while swimming.
You are very stealthy in the water.
You are partially covered in large bone plates. (AC +2, SH +2)


Message History

As you read the scroll labeled DEANLU MISUDD, it crumbles to dust.
You feel aware of your surroundings.
It was a scroll of magic mapping.
The orc priest calls upon Beogh to heal the orc warrior.
The orc warrior's wounds heal themselves!
As you read the scroll labeled WETZEA DITYKEK, it crumbles to dust.
The scroll dissolves into smoke.
It was a scroll of fog.
The orc warrior hits you with a flail of crushing!
* * * LOW HITPOINT WARNING * * *
Unknown command.
The orc wizard misses you. The orc completely misses you.
The orc priest casts a cantrip, but nothing happens.
The orc wizard hits you with a dagger.
* * * LOW HITPOINT WARNING * * *
The orc misses you. The orc closely misses you.
As you read the scroll labeled GOHECK GOSI, it crumbles to dust.
Your +4 quarterstaff of chaos glows shining orange for a moment.
It was a scroll of random uselessness.
The orc warrior hits you with a flail of crushing!
You die...

.......## ##....# .......#
##...# ### .......#
#..####.. ....#..# #####
##.##.... .##....## ##...#
#..#.... ........## ##....#
##.#.... ..####...##
##.§...# ####..##... ###
##o..####§o§...###......#...
##...##§§o@(.......###..#..
##...§§§oo......### ##..#.
##..§§§§§....### ##..#
##.§§§§§....# ##..
##...........# ##.
##............# ##
#.............# #
##.............#
#..............#


You could see an orc warrior, an orc priest, an orc wizard and an orc.

Vanquished Creatures
  Pikel (D:6)
  Grinder (D:3)
  Sigmund (D:6)
  2 sky beasts
  A centaur (D:5)
  2 giant frogs
  2 crimson imps (D:5)
  A giant frog zombie (D:5)
  A jelly (D:6)
  2 orc priests
  3 hounds (D:5)
  Crazy Yiuf (D:2)
  2 orc wizards
  2 iguanas (D:4)
  5 worker ants
  A worker ant (shapeshifter) (D:3)
  2 worker ant zombies (D:5)
  3 gnolls (D:3)
  6 adders
  2 adder skeletons
  3 worms
  3 dart slugs
  3 giant geckos
  6 orcs
  A ball python (D:2)
  6 bats
  5 giant cockroaches
  4 goblins
  5 hobgoblins
  3 jackals (D:2)
  7 kobolds
  2 quokkas
  5 giant newts
  A jackal skeleton (D:4)
  6 rats
101 creatures vanquished.

Vanquished Creatures (others)
  A slave (D:6)
  An orc wizard (D:6)
2 creatures vanquished.

Grand Total: 103 creatures vanquished

Notes
Turn   | Place    | Note
-------+----------+-------------------------------------------
     0 | D:1      | epen the Merfolk Monk began the quest for the Orb.
     0 | D:1      | Reached XP level 1. HP: 18/18 MP: 1/1
   115 | D:1      | Reached XP level 2. HP: 24/24 MP: 2/2
   482 | D:2      | Reached XP level 3. HP: 27/29 MP: 3/3
   499 | D:2      | Reached skill level 5 in Polearms
   601 | D:2      | Reached skill level 1 in Armour
   662 | D:2      | Found a sparkling altar of Nemelex Xobeh.
   789 | D:2      | Found a faded altar of an unknown god.
   836 | D:2      | Reached XP level 4. HP: 30/36 MP: 4/4
   968 | D:2      | Found a runed door.
  1105 | D:2      | Noticed Crazy Yiuf
  1124 | D:2      | Killed Crazy Yiuf
  1559 | D:3      | Reached XP level 5. HP: 42/42 MP: 5/5
  1563 | D:3      | Reached skill level 6 in Polearms
  1634 | D:3      | Found a shadowy altar of Dithmenos.
  1688 | D:3      | Noticed Grinder
  1702 | D:3      | Killed Grinder
  1702 | D:3      | Reached skill level 7 in Polearms
  1702 | D:3      | Reached skill level 5 in Dodging
  1702 | D:3      | Reached XP level 6. HP: 20/49 MP: 6/6
  2041 | D:3      | Found a shadowy altar of Dithmenos.
  2289 | D:3      | You fall through a shaft for 3 floors!
  2292 | D:5      | Entered Level 5 of the Dungeon
  2591 | D:5      | Reached XP level 7. HP: 55/55 MP: 7/7
  3062 | D:4      | Found an opulent altar of Gozag.
  3362 | D:4      | Reached skill level 8 in Polearms
  3649 | D:5      | Reached skill level 5 in Fighting
  3734 | D:5      | Reached XP level 8. HP: 56/62 MP: 8/8
  3942 | D:5      | Found a blossoming altar of Fedhas.
  4321 | D:6      | Noticed Sigmund
  4330 | D:6      | Killed Sigmund
  4330 | D:6      | Reached skill level 9 in Polearms
  4348 | D:6      | Gained mutation: You are partially covered in large bone plates. (AC +2, SH +2) [mutagenic meat]
  4580 | D:6      | Noticed Pikel
  4590 | D:6      | Killed Pikel
  4590 | D:6      | Reached skill level 10 in Polearms
  4590 | D:6      | Reached XP level 9. HP: 39/69 MP: 9/9
  4594 | D:6      | Reached skill level 5 in Armour
  5087 | D:5      | Slain by an orc warrior

Vault maps used:
D:1:      erik_arrival_triangle_small, feat_on_display
D:2:      nemelex_xobeh_ov_fountains_minmay, ecumenical_altar_2,
          uniq_crazy_yiuf_cottage
D:3:      grunt_dithmenos_smoke, lemuel_statue_altar, uniq_grinder
D:4:      overflow_temple_1_default
D:5:      nicolae_overflow_crystal_walls, first_bread
D:6:      serial_shops, shop, kennysheep_mini_moat, kennysheep_mini,
          uniq_sigmund, uniq_pikel

Skill      XL: |  1  2  3  4  5  6  7  8  9 |
---------------+----------------------------+-----
Polearms       | 5 7 8 10 | 10.3
Armour         | 1 2 3 4 5 |  5.0
Fighting       | 4 5 6 |  6.2
Dodging        | 5 6 7 |  7.2
Stealth        | |  2.1

Action                   |  1- 3 |  4- 6 |  7- 9 || total
-------------------------+-------+-------+-------++-------
Melee: Spear             |   139 |    11 |       ||   150
       Quarterstaff      |       |    85 |   161 ||   246
  Use: Scroll            |       |       |     3 ||     3
 Stab: Sleeping          |     5 |     1 |       ||     6
       Paralysed         |       |       |     3 ||     3
       Confused          |       |       |     1 ||     1
  Eat: Chunk             |       |     5 |     6 ||    11
       Meat ration       |       |       |     1 ||     1
Armor: Robe              |    13 |     4 |       ||    17
       Scale mail        |       |    22 |    50 ||    72
Dodge: Dodged            |    61 |    49 |    90 ||   200
Block: Other             |       |       |     3 ||     3
